 BcadrenCrawl: Boulder Brew version 0.06-688-g08e91b2d95 (webtiles) character file.

Game seed: 18053909469918378020

232 Leeroy the Merged (level 5, -1/69 HPs) Immature Draconian Priest. Began on Jan 31, 2023. Was a Priest of Bahamut & Tiamat. Slain by a sewer rat (3 damage) ... on level 1 of the Dungeon. The game lasted 00:05:43 (1868 turns).

Leeroy the Merged (Immature Draconian Priest)       Turns: 1868, Time: 00:05:43

Health: -1/69      AC:  9    Str: 12    XL:     5 ^: 48
Magic:  5/9        EV: 12    Int: 11    God:    Bahamut & Tiamat [3* [79]]
Gold:   130        SH:  0    Dex: 15    Spells: 4/4 levels left

rFire    . . .     Slash    +   o - +0 dagger (protect) (curse) {(Curse: Dex-2)}
rCold    x . .     Pierce   x     - Unarmed
rNeg     + + .     Bludgeon .   (armour unavailable)
rCorr    . . .     Vision   .   (helmet restricted)
rPois    +         Gourm    .   (no cloak)
rElec    +         Faith    .   (no gloves)
MR       .....     Spirit   .   (no boots)
HPRegen  0.33/turn Reflect  .   e - amulet of chaos
MPRegen  0.19/turn Harm     .   d - ring of positive energy
Stlth    ++........             (no ring)

@: short of breath
A: deformed body 2, cold-blooded, draconic flesh, AC +6
a: Breathe Dart, Adaptive Breath, Renounce Religion


You were on level 1 of the Dungeon.
You worshipped Bahamut & Tiamat.
Bahamut & Tiamat was most pleased with you.
You were not hungry.

You visited 1 branch of the dungeon, and saw 2 of its levels.
You also visited: Temple.

You collected 130 gold pieces.

Inventory:

Weapons
 f - a cursed +1 vampiric dagger {(Curse: MR-)}
 g - a +0 hunting sling
 o - a cursed +0 dagger of protection (weapon) {(Curse: Dex-2)}
 q - a +0 short sword
Jewellery
 d - a ring of positive energy (left hand)
 e - an amulet of chaos (around neck)
 l - an uncursed ring of slaying
 n - a cursed amulet of guardian spirit {(Curse: MR-)}
Scrolls
 b - a scroll of fog
 h - a scroll of blinking
 m - a scroll of enchantment
Potions
 i - a potion of magic
 j - a potion of might
 k - a potion of curing
 p - a potion of mutation
Comestibles
 a - 2 rations


   Skills:
 * Level 2.5 Fighting
 - Level 1.0 Short Blades
 - Level 1.0 Slings
 - Level 1.5 Dodging
 - Level 1.4 Stealth
 - Level 2.6 Unarmed Combat
 * Level 6.6 Invocations


You had 4 spell levels left.
You didn't know any spells.
Your spell library was empty.

Dungeon Overview and Level Annotations

Branches:
Dungeon (2/8)

Altars:


Innate Abilities, Weirdness & Mutations

Your plain brown scales are resilient. (AC +6)
You can breathe rudimentary magical darts.
You cannot wear any armour on your peculiar form.
You are cold-blooded and are slowed more easily by cold attacks.
Your scales resist being cut, but it's oddly easy to stick a small blade between them. (rSlashing+, rPiercing-)


Message History

You feel somewhat more hungry. The sewer rat bites you (4).
You are perforated ruthlessly!
* * * LOW HITPOINT WARNING * * *
The sewer rat bites you but does no damage.
You hit the sewer rat but do no damage. x2
The sewer rat is severely wounded. (4/10) HP The sewer rat closely misses you.
The sewer rat barely misses you.
You hit the sewer rat but do no damage. You hit the sewer rat (3).
It is struck brutally!
You tail-slap the sewer rat, but do no damage.
The sewer rat is almost dead. (1/10) HP The sewer rat bites you (1).
You are perforated ruthlessly!
* * * LOW HITPOINT WARNING * * *
Unknown command.
You barely miss the sewer rat. You hit the sewer rat but do no damage.
The sewer rat is almost dead. (1/10) HP The sewer rat bites you (2).
You are perforated ruthlessly!
* * * LOW HITPOINT WARNING * * *
The sewer rat bites you (3).
You are perforated ruthlessly!
You die...

.^.....##..##.#####...........#
...........##.# #...........#
.....#.#.#.##.#####...........#
.#.....#...##.#...............#
.......#.....................##
##.#...#..####.###.###'#######
...)....'##≈≈###≈#..........#
###.###.#≈≈≈≈≈≈r≈#.#........#
.)......#≈≈≈≈≈≈'@#.#........#
###)###.'##≈≈###r#..........#
#.#.....####.###..........#
###.#.###..........#........#
..#.#.# ##.###.....#........#
..#.#.# #.........#........#
......# ##........#........#
..#.### #.......##........#
..#.#######.......##........#


You could see 2 sewer rats.

Vanquished Creatures
  A big kobold (D:2)
  4 giant cockroaches (D:1)
  An adder (D:1)
  A sewer rat (D:1)
  5 cinder newts
  A worm (D:2)
  An ooze (D:2)
  A dart slug (D:1)
  8 goblins (D:1)
  8 hobgoblins (D:1)
  A ball python (D:2)
  4 bats (D:1)
  10 kobolds
  6 rats (D:1)
52 creatures vanquished.

Vanquished Creatures (others)
  A leopard gecko (D:2)
  A ball python (D:2)
  2 kobolds (D:2)
  A goblin skeleton (D:2)
  A rat (D:2)
  A slimehead (D:2)
  55 withered plants (D:2)
62 creatures vanquished.

Grand Total: 114 creatures vanquished

Notes
Turn   | Place    | Note
-------+----------+-------------------------------------------
     0 | Start Te | Leeroy the Immature Draconian Priest began the quest for
                  | the Orb.
     0 | Start Te | Reached XP level 1. HP: 29/29 MP: 3/3
     0 | Start Te | Found a sparkling altar of Nemelex Xobeh.
     1 | Start Te | Found a basalt altar of Yredelemnul.
     1 | Start Te | Found a white marble altar of Elyvilon.
     2 | Start Te | Found an iron altar of Okawaru.
     3 | Start Te | Found a glowing silver altar of Zin.
     3 | Start Te | Found a blossoming altar of Fedhas.
     4 | Start Te | Found a stormy altar of Qazlal.
     5 | Start Te | Found a glowing golden altar of the Shining One.
     5 | Start Te | Found an opulent altar of Gozag.
     6 | Start Te | Found a sacrificial altar of Ru.
     7 | Start Te | Found an ornate altar of Bahamut and Tiamat.
     7 | Start Te | Found a hazy altar of Hepliaklqana.
    15 | Start Te | Became a worshipper of Bahamut & Tiamat
    15 | Start Te | Reached * piety under Bahamut & Tiamat
    15 | Start Te | Reached ** piety under Bahamut & Tiamat
    71 | D:1      | Reached XP level 2. HP: 39/39 MP: 5/5
   180 | D:1      | Reached skill level 5 in Invocations
   197 | D:1      | Reached XP level 3. HP: 30/49 MP: 6/6
   748 | D:1      | Reached *** piety under Bahamut & Tiamat
   748 | D:1      | Reached XP level 4. HP: 59/59 MP: 8/8
   860 | D:1      | Reached skill level 6 in Invocations
  1087 | D:1      | Reached skill level 1 in Short Blades
  1087 | D:1      | Reached skill level 1 in Slings
  1253 | D:1      | your cursed +0 dagger of protection {(Curse: Dex-2)}
                  | protects you from harm!
  1380 | D:1      | Reached XP level 5. HP: 26/69 MP: 4/9
  1558 | D:2      | Reached skill level 1 in Fighting
  1867 | D:1      | HP: 3/69 [sewer rat (1)]
  1868 | D:1      | Slain by a sewer rat

Illustrated notes

Levels and vault maps discovered:
D:1:      minmay_arrival_cross, layout_basic, chequers_serial_rivers_micro_e,
          gup_sewer_entry_bowl
D:2:      layout_sewer

Skill      XL: |  1  2  3  4  5 |
---------------+----------------+-----
Invocations    | 5 6 |  6.6
Short Blades   | 1 |  1.0
Slings         | 1 |  1.0
Fighting       | 2 |  2.5
Dodging        | |  1.5
Stealth        | |  1.4
Unarmed Combat | |  2.6

Action                   |  1- 3 |  4- 6 || total
-------------------------+-------+-------++-------
Melee: Unarmed           |   115 |   150 ||   265
       Peck              |     6 |    17 ||    23
       Dagger            |       |    68 ||    68
Throw: Rusty metal       |       |     2 ||     2
       Stone             |       |     1 ||     1
       Skull             |       |     1 ||     1
Invok: Choose Bahamut's  |     1 |       ||     1
       Choose Tiamat's A |     1 |       ||     1
       Adaptive Breath   |       |     3 ||     3
 Abil: Breathe Dart      |       |     1 ||     1
 Stab: Sleeping          |     1 |     1 ||     2
       Confused          |       |     1 ||     1
  Eat: Chunk             |       |     4 ||     4
Armor: Skin              |    11 |    58 ||    69
Dodge: Dodged            |    20 |    37 ||    57
